 Dungeon Crawl Stone Soup version 0.21-a0-405-gf2af9a1 (webtiles) character file.

21 trolface1997 the Grave Robber (level 2, 0/19 HPs)
             Began as a Vampire Necromancer on Nov 1, 2017.
             Succumbed to an adder's poison
             ... on level 2 of the Dungeon.
             The game lasted 00:14:29 (1389 turns).

trolface1997 the Grave Robber (Vampire Necromancer) Turns: 1389, Time: 00:14:29

Health: 0/19       AC:  5    Str:  7    XL:     2   Next: 62%
Magic:  2/5        EV: 10    Int: 17    God:
Gold:   55         SH:  0    Dex: 14    Spells: 3/5 levels left

rFire    . . .     SeeInvis +   g - +0 hunting sling
rCold    . . .     Gourm    .   (no shield)
rNeg     + . .     Faith    .   e - +0 ring mail
rPois    .         Spirit   .   (no helmet)
rElec    .         Reflect  .   (no cloak)
rCorr    .         Harm     .   (no gloves)
MR       .....                  (no boots)
Stlth    ++........             (no amulet)
HPRegen  0.06/turn              (no ring)
MPRegen  0.09/turn              (no ring)

@: lethally poisoned (0 -> -6), very slightly contaminated
A: fangs 3, see invisible, unbreathing
a: no special abilities


You were on level 2 of the Dungeon.
You were not thirsty.

You visited 1 branch of the dungeon, and saw 2 of its levels.

You collected 55 gold pieces.

Inventory:

Hand Weapons
 g - a +0 hunting sling (weapon)
Armour
 a - a +0 robe
 e - a +0 ring mail (worn)
Potions
 c - 5 potions of blood
 d - a potion of lignification {unknown}
Books
 b - a book of Necromancy

   Spells                             Type                      Level
   a - Pain                           Necromancy                   1
   b - Animate Skeleton               Necromancy                   1
   c - Vampiric Draining              Necromancy                   3
   d - Regeneration                   Charms/Necromancy            3
   e - Animate Dead                   Necromancy                   4
   f - Control Undead                 Necromancy                   4


   Skills:
 * Level 0.0 Armour
 - Level 2.3 Dodging
 + Level 3.1 Stealth
 + Level 2.2 Spellcasting
 * Level 5.0 Necromancy


You had 3 spell levels left.
You knew the following spells:

 Your Spells              Type           Power        Failure   Level  Hunger
a - Pain                  Necr           ###.         9%          1    #......
b - Animate Skeleton      Necr           N/A          9%          1    #......


Dungeon Overview and Level Annotations

Branches:
Dungeon (2/15)

Altars:


Innate Abilities, Weirdness & Mutations

You have razor-sharp teeth.
You have supernaturally acute eyesight. (SInv)
You can survive without breathing.


Message History

The goblin barely misses you. The adder bites you but does no damage.
You feel sick. The adder bites you.
You are lethally poisoned!
The adder poisons you!
You feel sick.
You feel sick.
You feel sick. The goblin barely misses you. The adder bites you.
* * * LOW HITPOINT WARNING * * *
* * * LOW HITPOINT WARNING * * *
You feel sick.
* * * LOW HITPOINT WARNING * * *
You feel sick. The goblin barely misses you.
* * * LOW HITPOINT WARNING * * *
You feel sick.
* * * LOW HITPOINT WARNING * * *
You feel sick.
You die...

#################
#...Sg.@........#
#.#############.# ##########.#
#...#.######## ...........#
#.#........... ...........#
#.#.#.#######.
..........##########.#.#.##...#
..............<...............#
.###################..........#
. #............


You could see an adder and a goblin.

Vanquished Creatures
  3 giant cockroaches (D:1)
  3 goblins (D:1)
  A hobgoblin (D:1)
  A quokka (D:1)
  3 bats (D:1)
  4 kobolds
  5 rats (D:1)
20 creatures vanquished.

Vanquished Creatures (collateral kills)
  A bat (D:1)
  A rat (D:1)
2 creatures vanquished.

Grand Total: 22 creatures vanquished

Notes
Turn   | Place    | Note
-------+----------+-------------------------------------------
     0 | D:1      | trolface1997 the Vampire Necromancer began the quest for the Orb.
     0 | D:1      | Reached XP level 1. HP: 13/13 MP: 3/3
   559 | D:1      | Reached XP level 2. HP: 18/19 MP: 1/5
   762 | D:1      | Learned a level 1 spell: Animate Skeleton
  1284 | D:1      | Reached skill level 5 in Necromancy
  1389 | D:2      | Succumbed to an adder's poison

Vault maps used:
D:1:      onia_arrival_larder

Skill      XL: |  1  2 |
---------------+-------+-----
Necromancy     | 5 |  5.0
Dodging        | |  2.3
Stealth        | |  3.1
Spellcasting   | |  2.2

Action                   || total
-------------------------++-------
Melee: Hunting sling     ||     1
 Cast: Pain              ||    31
       Animate Skeleton  ||     2
  Eat: Corpse            ||     2
Armor: Robe              ||     1
       Ring mail         ||     3
Dodge: Dodged            ||    15

Table legend:
 A = Spawn XP
 B = Non-spawn XP
 C = Spawn XP percentage of total XP
 D = Spawn monster count
 E = Non-spawn monster count
 F = Spawn count percentage of total count
 G = Total turns spent on level
                    A         B        C        D         E        F      G
               +---------+---------+-------+---------+---------+-------+---------
         Total |       0 |      30 |   0.0 |       0 |      22 |   0.0 |  1389
               +---------+---------+-------+---------+---------+-------+---------
           D:1 |       0 |      29 |   0.0 |       0 |      21 |   0.0 |  1304
           D:2 |       0 |       1 |   0.0 |       0 |       1 |   0.0 |    85
               +---------+---------+-------+---------+---------+-------+---------
